Bruins vs Rangers

Created - 12 janvier 2022 at 16:14

Goals
1 2 3 T
Bruins 4 3 0 7
Rangers 1 0 0 1
Shots
1 2 3 T
Bruins 16 15 16 47
Rangers 11 11 6 28

GoalsPenalties
1st period
1. Bruins , Mattias Ekholm 3 (Dominik Kubalik 8) at 4:36 (PP)
2. Rangers , Pat Maroon 2 (Nils Hoglander 17, Dylan Coghlan 8) at 13:47 (SH)
3. Bruins , Nico Hischier 17 (Sam Reinhart 8, Dominik Kubalik 9) at 14:23 (PP)
4. Bruins , Matthew Nieto 7 (Derek Stepan 9) at 14:27
5. Bruins , Nico Hischier 18 (Jakub Voracek 14, Brenden Dillon 15) at 17:18
Alexandre Carrier (NYR) for Slashing (Double Minor) at 1:45
Ryan Reaves (NYR) for Interference (Minor) at 12:47
Mattias Ekholm (BOS) for Slashing (Minor) at 19:12
2nd period
6. Bruins , Mattias Ekholm 4 (Dominik Kubalik 10, Jack Campbell) at 4:02 (PP)
7. Bruins , Mattias Ekholm 5 (Sam Reinhart 9, Nico Hischier 22) at 5:31
8. Bruins , Patrick Marleau 2 (Haydn Fleury 16, Evan Bouchard 11) at 10:41
Ryan Reaves (NYR) for Hooking (Minor) at 3:12
Nico Hischier (BOS) for Holding (Minor) at 7:53
3rd period
No Goal
No Penalty
Goalie Stats
Jack Campbell (BOS), 27 saves from 28 shots - (0,964), W, 10-6-1, 60:00 minutes
Igor Shesterkin (NYR), 26 saves from 28 shots - (0,929), 35:58 minutes
Keith Kinkaid (NYR), 14 saves from 19 shots - (0,737), L, 7-7-2, 24:02 minutes
3 StarsOfficial
1 - Mattias Ekholm (BOS)
2 - Nico Hischier (BOS)
3 - Brenden Dillon (BOS)
Referees : Frederick L'Ecuyer and Ghislain Hebert
Linesman : Pierre Racicot and Mike Cvik
Game Note
Igor Shesterkin enters game at 4:02 of 2nd period
Mattias Ekholm has scored a Hat Trick!



Team Name Goals Shots Shots Attemp Shots Blocked PIM HIT PP PK FO%
Bruins 74776144163 / 4 (75%)057%
Rangers 1286768200 / 2 (0%)343%

Bruins
Player Name POS G A P +/- PIM HIT SHT SB MP PP MP PP SHT PK MP PK SHT FO% FOT
Brenden DillonD0112082323:080:0002:0900% 0
Bryan LittleC/RW000-1014014:342:3410:000100% 3
Carter VerhaegheC/LW/RW000-1001117:342:3410:0000% 2
Derek StepanC011200319:540:2602:24150% 26
Dominik KubalikLW/RW0330013016:551:5500:000100% 2
Evan BouchardD0111000116:133:1600:0000% 0
Haydn FleuryD0111001012:130:0000:0000% 0
Jakub VoracekLW/RW0112005019:182:3720:0000% 0
Josh NorrisC000-1004018:442:3411:10065% 20
Kirby DachC/RW0000002014:000:2601:3400% 0
Mario FerraroD0000030419:110:1202:1000% 0
Matthew NietoLW/RW101200309:280:0002:2400% 0
Mattias EkholmD3031205224:132:0120:3000% 0
Nick SchmaltzC/RW0000005115:163:1610:00056% 18
Nico HischierC2132204019:212:1710:24057% 23
Olli MaattaD0001020119:560:0003:0700% 0
Patrick MarleauC/LW/RW101200307:040:0000:0000% 0
Sam ReinhartC/RW0222012018:582:1700:0000% 0
Rangers
Player Name POS G A P +/- PIM HIT SHT SB MP PP MP PP SHT PK MP PK SHT FO% FOT
Alex ChiassonLW/RW000000009:270:0000:000100% 1
Alexandre CarrierD000-2421019:540:0001:0000% 0
Bowen ByramD000-2022021:411:3320:3300% 0
Dylan CoghlanD0111001015:110:0002:5610% 0
Gabriel VilardiC0000002013:321:2602:39047% 15
Jeff SkinnerLW000-3032018:130:0002:11050% 2
Joel FarabeeLW/RW000-1011120:212:2500:0000% 1
Joel KivirantaLW000000007:200:0000:0000% 0
Juuso RiikolaD0000020113:260:0001:1100% 0
Marcus JohanssonC/LW000-1003020:282:3210:00050% 2
Nicolas DeslauriersLW/RW000002008:000:0000:4000% 0
Nils HoglanderLW/RW011-2023119:541:2602:2600% 0
Pat MaroonLW101100109:580:0002:38156% 16
Pierre-Luc DuboisC000-1005020:282:3210:00052% 29
Ryan LindgrenD000-1033122:501:3302:2200% 0
Ryan ReavesRW0000411011:572:3200:0000% 0
Samuel GirardD000-2010224:322:2502:3200% 0
Trevor ZegrasC000-3013017:281:2600:00021% 28

Bruins

5 vs 5 Forward
Line #Left WingCenterRight WingPHYDFOFWanted %Time %Time Play
1Jakub VoracekNico HischierSam Reinhart0143233%16:41
2Carter VerhaegheJosh NorrisDominik Kubalik0142930%15:00
3Bryan LittleNick SchmaltzKirby Dach0232424%12:00
4Patrick MarleauDerek StepanMatthew Nieto1311514%7:04
5 vs 5 Defense
Line #DefenseDefensePHYDFOFWanted %Time %Time Play
1Mattias EkholmBrenden Dillon0414241%20:59
2Olli MaattaMario Ferraro0412933%16:49
3Haydn FleuryEvan Bouchard0232224%12:13
4Mattias EkholmEvan Bouchard01471%0:44
Power Play Forward
Line #Left WingCenterRight WingPHYDFOFWanted %Time %Time Play
1Dominik KubalikNico HischierSam Reinhart0056051%2:43
2Josh NorrisBryan LittleCarter Verhaeghe0144049%2:34
Power Play Defense
Line #DefenseDefensePHYDFOFWanted %Time %Time Play
1Mattias EkholmJakub Voracek0056038%2:01
2Evan BouchardNick Schmaltz0144062%3:16
Penalty Kill 4 Players Forward
Line #CenterWingPHYDFOFWanted %Time %Time Play
1Derek StepanMatthew Nieto1406061%2:24
2Nico HischierKirby Dach1404039%1:34
Penalty Kill 4 Players Defense
Line #DefenseDefensePHYDFOFWanted %Time %Time Play
1Brenden DillonMattias Ekholm1406054%2:09
2Olli MaattaMario Ferraro1404046%1:49
Penalty Kill 3 Players
Line #WingPHYDFOFWanted %Time %Time PlayDefenseDefensePHYDFOFWanted %Time %Time Play
1Matthew Nieto050500%0:00 Mattias EkholmBrenden Dillon050600%0:00
2Derek Stepan050500%0:00 Olli MaattaMario Ferraro050400%0:00
4 vs 4 Forward
Line #CenterWingPHYDFOFWanted %Time %Time Play
1Nico HischierCarter Verhaeghe023500%0:00
2Dominik KubalikJosh Norris023500%0:00
4 vs 4 Defense
Line #DefensePHYDFOFWanted %Time %Time Play
1Mattias EkholmOlli Maatta023500%0:00
2Mario FerraroBrenden Dillon032500%0:00
Last Minutes Offensive
Left WingCenterRight WingDefenseDefense
Dominik KubalikBryan LittleSam ReinhartMattias EkholmEvan Bouchard
Last Minutes Defensive
Left WingCenterRight WingDefenseDefense
Patrick MarleauDerek StepanMatthew NietoOlli MaattaBrenden Dillon
Time
Total ForwardTotal DefenseLast Minutes OffensiveLast Minutes Defensive
60:00 60:00 0:000:00
Extra Forwards
Normal PowerPlayPenalty Kill
Nico Hischier, Sam Reinhart, Dominik KubalikNico Hischier, Jakub VoracekJosh Norris
Extra Defensemen
Normal PowerPlayPenalty Kill
Mattias Ekholm, Brenden Dillon, Olli MaattaMario Ferraro, Mattias EkholmOlli Maatta
Penalty Shots
Dominik Kubalik, Jakub Voracek, Sam Reinhart, Nico Hischier, Carter Verhaeghe
Goalie
Jack Campbell, Alexandar Georgiev
Custom OT Lines Forwards
Jakub Voracek, Dominik Kubalik, Nick Schmaltz, Sam Reinhart, Carter Verhaeghe, Josh Norris, Bryan Little, Nico Hischier, Patrick Marleau, Kirby Dach
Custom OT Lines Defensemen
Brenden Dillon, Mattias Ekholm, Olli Maatta, Mario Ferraro, Evan Bouchard
Scratches
Evgeny Svechnikov (Healthy), Jake Virtanen (Healthy)

Rangers

5 vs 5 Forward
Line #Left WingCenterRight WingPHYDFOFWanted %Time %Time Play
1Marcus JohanssonPierre-Luc DuboisJoel Farabee0233435%17:56
2Jeff SkinnerTrevor ZegrasNils Hoglander0233132%16:02
3Alex ChiassonGabriel VilardiRyan Reaves1312019%9:27
4Joel KivirantaPat MaroonNicolas Deslauriers2211514%7:20
5 vs 5 Defense
Line #DefenseDefensePHYDFOFWanted %Time %Time Play
1Samuel GirardBowen Byram0324039%19:35
2Ryan LindgrenAlexandre Carrier0324037%18:55
3Dylan CoghlanJuuso Riikola1402024%12:15
4Samuel GirardRyan Lindgren12200%0:00
Power Play Forward
Line #Left WingCenterRight WingPHYDFOFWanted %Time %Time Play
1Nils HoglanderTrevor ZegrasGabriel Vilardi0145036%1:26
2Marcus JohanssonPierre-Luc DuboisRyan Reaves0145064%2:32
Power Play Defense
Line #DefenseDefensePHYDFOFWanted %Time %Time Play
1Samuel GirardJoel Farabee0145061%2:25
2Bowen ByramRyan Lindgren0235039%1:33
Penalty Kill 4 Players Forward
Line #CenterWingPHYDFOFWanted %Time %Time Play
1Gabriel VilardiJeff Skinner0415050%2:39
2Pat MaroonNils Hoglander0415050%2:38
Penalty Kill 4 Players Defense
Line #DefenseDefensePHYDFOFWanted %Time %Time Play
1Ryan LindgrenDylan Coghlan0325045%2:22
2Samuel GirardAlexandre Carrier0415055%2:55
Penalty Kill 3 Players
Line #WingPHYDFOFWanted %Time %Time PlayDefenseDefensePHYDFOFWanted %Time %Time Play
1Marcus Johansson140500%0:00 Bowen ByramRyan Lindgren140500%0:00
2Pat Maroon140500%0:00 Samuel GirardAlexandre Carrier140500%0:00
4 vs 4 Forward
Line #CenterWingPHYDFOFWanted %Time %Time Play
1Trevor ZegrasJoel Kiviranta023500%0:00
2Marcus JohanssonPierre-Luc Dubois023500%0:00
4 vs 4 Defense
Line #DefensePHYDFOFWanted %Time %Time Play
1Alexandre CarrierBowen Byram023500%0:00
2Ryan LindgrenDylan Coghlan032500%0:00
Last Minutes Offensive
Left WingCenterRight WingDefenseDefense
Joel FarabeePierre-Luc DuboisJeff SkinnerTrevor ZegrasSamuel Girard
Last Minutes Defensive
Left WingCenterRight WingDefenseDefense
Gabriel VilardiMarcus JohanssonRyan ReavesRyan LindgrenAlexandre Carrier
Time
Total ForwardTotal DefenseLast Minutes OffensiveLast Minutes Defensive
60:00 60:00 0:000:00
Extra Forwards
Normal PowerPlayPenalty Kill
Trevor Zegras, Joel Farabee, Nils HoglanderPierre-Luc Dubois, Pat MaroonNicolas Deslauriers
Extra Defensemen
Normal PowerPlayPenalty Kill
Ryan Lindgren, Samuel Girard, Bowen ByramAlexandre Carrier, Dylan CoghlanJuuso Riikola
Penalty Shots
Pierre-Luc Dubois, Joel Farabee, Trevor Zegras, Nils Hoglander, Ryan Lindgren
Goalie
Keith Kinkaid, Igor Shesterkin
Custom OT Lines Forwards
Gabriel Vilardi, Trevor Zegras, Ryan Reaves, Pierre-Luc Dubois, Nils Hoglander, Marcus Johansson, Pat Maroon, Joel Kiviranta, Joel Farabee, Jeff Skinner
Custom OT Lines Defensemen
Bowen Byram, Ryan Lindgren, Dylan Coghlan, Samuel Girard, Juuso Riikola
Scratches
Wayne Simmonds (Healthy), Kyle Okposo (Healthy), Darren Raddysh (Healthy)


Play-by-Play

1st period


0:01 of 1st period - Pierre-Luc Dubois wins face-off versus Nico Hischier in neutral zone.
0:18 of 1st period - Shot by Joel Farabee.
0:18 of 1st period - Shot Misses the Net.
0:20 of 1st period - Shot by Marcus Johansson.
0:20 of 1st period - Stopped by Jack Campbell with a rebound.
0:22 of 1st period - Shot by Marcus Johansson.
0:22 of 1st period - Shot Hit the Post.
1:14 of 1st period - Shot by Nils Hoglander.
1:14 of 1st period - Shot Blocked by Brenden Dillon.
1:21 of 1st period - Brenden Dillon is hit by Ryan Lindgren and loses puck.
1:25 of 1st period - Icing by Alexandre Carrier.
1:26 of 1st period - Josh Norris wins face-off versus Trevor Zegras in Rangers zone.
1:44 of 1st period - Dominik Kubalik is hit by Ryan Lindgren and loses puck.
1:45 of 1st period - Double Minor Penalty to Alexandre Carrier for Slashing.
1:46 of 1st period - Josh Norris wins face-off versus Gabriel Vilardi in Rangers zone.
3:46 of 1st period - Shot by Bryan Little.
3:46 of 1st period - Stopped by Keith Kinkaid without a rebound.
3:47 of 1st period - Pat Maroon wins face-off versus Derek Stepan in Rangers zone.
4:02 of 1st period - Shot by Nils Hoglander.
4:02 of 1st period - Shot Misses the Net.
4:10 of 1st period - Shot by Nils Hoglander.
4:10 of 1st period - Shot Misses the Net.
4:12 of 1st period - Shot by Dylan Coghlan.
4:12 of 1st period - Stopped by Jack Campbell without a rebound.
4:13 of 1st period - Bryan Little wins face-off versus Jeff Skinner in Bruins zone.
4:20 of 1st period - Shot by Josh Norris.
4:20 of 1st period - Stopped by Keith Kinkaid without a rebound.
4:21 of 1st period - Nico Hischier wins face-off versus Gabriel Vilardi in Rangers zone.
4:24 of 1st period - Shot by Sam Reinhart.
4:24 of 1st period - Shot Misses the Net.
4:36 of 1st period - Shot by Mattias Ekholm.
4:36 of 1st period - Goal by Mattias Ekholm - Bruins : 1 - Rangers : 0.
4:37 of 1st period - Derek Stepan wins face-off versus Joel Farabee in neutral zone.
5:31 of 1st period - Icing by Ryan Lindgren.
5:32 of 1st period - Nick Schmaltz wins face-off versus Marcus Johansson in Rangers zone.
5:38 of 1st period - Icing by Pierre-Luc Dubois.
5:39 of 1st period - Josh Norris wins face-off versus Pierre-Luc Dubois in Rangers zone.
5:42 of 1st period - Shot by Dominik Kubalik.
5:42 of 1st period - Deflect By Carter Verhaeghe.
5:42 of 1st period - Shot Misses the Net.
5:47 of 1st period - Marcus Johansson is hit by Dominik Kubalik and loses puck.
5:52 of 1st period - Carter Verhaeghe is hit by Joel Farabee and loses puck.
6:23 of 1st period - Shot by Gabriel Vilardi.
6:23 of 1st period - Stopped by Jack Campbell without a rebound.
6:24 of 1st period - Nick Schmaltz wins face-off versus Trevor Zegras in Bruins zone.
6:29 of 1st period - Mattias Ekholm is hit by Jeff Skinner and loses puck.
6:35 of 1st period - Nils Hoglander is hit by Brenden Dillon and loses puck.
6:48 of 1st period - Shot by Trevor Zegras.
6:48 of 1st period - Stopped by Jack Campbell without a rebound.
6:49 of 1st period - Pat Maroon wins face-off versus Nico Hischier in Bruins zone.
6:49 of 1st period - Samuel Girard is hit by Mario Ferraro and loses puck.
6:53 of 1st period - Icing by Mario Ferraro.
6:54 of 1st period - Pat Maroon wins face-off versus Nico Hischier in Bruins zone.
7:19 of 1st period - Shot by Sam Reinhart.
7:19 of 1st period - Shot Misses the Net.
7:32 of 1st period - Off-side.
7:33 of 1st period - Alex Chiasson wins face-off versus Nick Schmaltz in neutral zone.
8:03 of 1st period - Shot by Ryan Reaves.
8:03 of 1st period - Stopped by Jack Campbell without a rebound.
8:04 of 1st period - Josh Norris wins face-off versus Trevor Zegras in Bruins zone.
8:04 of 1st period - Josh Norris is hit by Trevor Zegras.
8:31 of 1st period - Carter Verhaeghe is hit by Alexandre Carrier and loses puck.
8:38 of 1st period - Josh Norris is hit by Jeff Skinner.
8:39 of 1st period - Icing by Josh Norris.
8:40 of 1st period - Josh Norris wins face-off versus Gabriel Vilardi in Bruins zone.
8:50 of 1st period - Icing by Bowen Byram.
8:51 of 1st period - Gabriel Vilardi wins face-off versus Nick Schmaltz in Rangers zone.
9:02 of 1st period - Alex Chiasson is hit by Brenden Dillon and loses puck.
9:08 of 1st period - Icing by Samuel Girard.
9:09 of 1st period - Nico Hischier wins face-off versus Gabriel Vilardi in Rangers zone.
9:23 of 1st period - Icing by Olli Maatta.
9:24 of 1st period - Nico Hischier wins face-off versus Pierre-Luc Dubois in Bruins zone.
9:44 of 1st period - Shot by Nico Hischier.
9:44 of 1st period - Stopped by Keith Kinkaid with a rebound.
9:56 of 1st period - Shot by Nico Hischier.
9:56 of 1st period - Shot Misses the Net.
9:58 of 1st period - Shot by Nico Hischier.
9:58 of 1st period - Shot Misses the Net.
10:18 of 1st period - Shot by Dominik Kubalik.
10:18 of 1st period - Stopped by Keith Kinkaid without a rebound.
10:19 of 1st period - Nick Schmaltz wins face-off versus Trevor Zegras in Rangers zone.
10:19 of 1st period - Bryan Little is hit by Bowen Byram.
11:16 of 1st period - Icing by Joel Kiviranta.
11:17 of 1st period - Dominik Kubalik wins face-off versus Pat Maroon in Rangers zone.
11:30 of 1st period - Shot by Josh Norris.
11:30 of 1st period - Stopped by Keith Kinkaid without a rebound.
11:31 of 1st period - Pierre-Luc Dubois wins face-off versus Derek Stepan in Rangers zone.
11:54 of 1st period - Shot by Dylan Coghlan.
11:54 of 1st period - Deflect By Joel Farabee.
11:54 of 1st period - Stopped by Jack Campbell without a rebound.
11:55 of 1st period - Jeff Skinner wins face-off versus Carter Verhaeghe in Bruins zone.
12:47 of 1st period - Minor Penalty to Ryan Reaves for Interference.
12:48 of 1st period - Nico Hischier wins face-off versus Pat Maroon in Rangers zone.
13:43 of 1st period - Shot by Dylan Coghlan.
13:43 of 1st period - Shot Misses the Net.
13:45 of 1st period - Shot by Pat Maroon.
13:45 of 1st period - Shot Misses the Net.
13:47 of 1st period - Shot by Nils Hoglander.
13:47 of 1st period - Deflect By Pat Maroon.
13:47 of 1st period - Goal by Pat Maroon - Bruins : 1 - Rangers : 1.
13:48 of 1st period - Bryan Little wins face-off versus Gabriel Vilardi in neutral zone.
13:53 of 1st period - Shot by Jakub Voracek.
13:53 of 1st period - Stopped by Keith Kinkaid with a rebound.
13:57 of 1st period - Shot by Carter Verhaeghe.
13:57 of 1st period - Stopped by Keith Kinkaid with a rebound.
14:11 of 1st period - Shot by Jakub Voracek.
14:11 of 1st period - Stopped by Keith Kinkaid without a rebound.
14:12 of 1st period - Pat Maroon wins face-off versus Nico Hischier in Rangers zone.
14:23 of 1st period - Shot by Nico Hischier.
14:23 of 1st period - Goal by Nico Hischier - Bruins : 2 - Rangers : 1.
14:24 of 1st period - Derek Stepan wins face-off versus Pierre-Luc Dubois in neutral zone.
14:27 of 1st period - Shot by Matthew Nieto.
14:27 of 1st period - Goal by Matthew Nieto - Bruins : 3 - Rangers : 1.
14:28 of 1st period - Pierre-Luc Dubois wins face-off versus Derek Stepan in neutral zone.
14:38 of 1st period - Joel Farabee is hit by Mario Ferraro and loses puck.
15:37 of 1st period - Shot by Sam Reinhart.
15:37 of 1st period - Shot Blocked by Joel Farabee.
15:39 of 1st period - Shot by Sam Reinhart.
15:39 of 1st period - Shot Misses the Net.
15:41 of 1st period - Shot by Nico Hischier.
15:41 of 1st period - Shot Blocked by Samuel Girard.
15:43 of 1st period - Shot by Brenden Dillon.
15:43 of 1st period - Stopped by Keith Kinkaid without a rebound.
15:44 of 1st period - Gabriel Vilardi wins face-off versus Nick Schmaltz in Rangers zone.
16:25 of 1st period - Shot by Nick Schmaltz.
16:25 of 1st period - Stopped by Keith Kinkaid without a rebound.
16:26 of 1st period - Nico Hischier wins face-off versus Trevor Zegras in Rangers zone.
16:45 of 1st period - Shot by Jeff Skinner.
16:45 of 1st period - Stopped by Jack Campbell without a rebound.
16:46 of 1st period - Josh Norris wins face-off versus Pat Maroon in Bruins zone.
16:46 of 1st period - Olli Maatta is hit by Nicolas Deslauriers and loses puck.
16:54 of 1st period - Josh Norris is hit by Juuso Riikola.
17:02 of 1st period - Shot by Carter Verhaeghe.
17:02 of 1st period - Shot Blocked by Juuso Riikola.
17:04 of 1st period - Shot by Olli Maatta.
17:04 of 1st period - Shot Misses the Net.
17:06 of 1st period - Shot by Carter Verhaeghe.
17:06 of 1st period - Deflect By Dominik Kubalik.
17:06 of 1st period - Stopped by Keith Kinkaid without a rebound.
17:07 of 1st period - Nico Hischier wins face-off versus Trevor Zegras in Rangers zone.
17:18 of 1st period - Shot by Nico Hischier.
17:18 of 1st period - Goal by Nico Hischier - Bruins : 4 - Rangers : 1.
17:19 of 1st period - Josh Norris wins face-off versus Pat Maroon in neutral zone.
17:45 of 1st period - Mario Ferraro is hit by Nicolas Deslauriers.
18:23 of 1st period - Shot by Alexandre Carrier.
18:23 of 1st period - Stopped by Jack Campbell with a rebound.
18:25 of 1st period - Shot by Jeff Skinner.
18:25 of 1st period - Shot Blocked by Brenden Dillon.
18:27 of 1st period - Shot by Jeff Skinner.
18:27 of 1st period - Stopped by Jack Campbell with a rebound.
18:34 of 1st period - Ryan Lindgren is hit by Brenden Dillon and loses puck.
18:39 of 1st period - Shot by Trevor Zegras.
18:39 of 1st period - Shot Misses the Net.
19:12 of 1st period - Minor Penalty to Mattias Ekholm for Slashing.
19:13 of 1st period - Derek Stepan wins face-off versus Pierre-Luc Dubois in Bruins zone.
19:28 of 1st period - Shot by Ryan Reaves.
19:28 of 1st period - Shot Misses the Net.
19:30 of 1st period - Shot by Marcus Johansson.
19:30 of 1st period - Shot Misses the Net.
19:32 of 1st period - Shot by Pierre-Luc Dubois.
19:32 of 1st period - Stopped by Jack Campbell without a rebound.
19:33 of 1st period - Derek Stepan wins face-off versus Pierre-Luc Dubois in Bruins zone.
19:39 of 1st period - Icing by Marcus Johansson.
19:40 of 1st period - Derek Stepan wins face-off versus Pierre-Luc Dubois in Rangers zone.
19:47 of 1st period - Shot by Matthew Nieto.
19:47 of 1st period - Shot Misses the Net.
19:49 of 1st period - Shot by Derek Stepan.
19:49 of 1st period - Stopped by Keith Kinkaid without a rebound.
19:50 of 1st period - Trevor Zegras wins face-off versus Derek Stepan in Rangers zone.
19:52 of 1st period - Icing by Gabriel Vilardi.
19:53 of 1st period - Derek Stepan wins face-off versus Trevor Zegras in Rangers zone.
19:53 of 1st period - Derek Stepan is hit by Samuel Girard.
Goals for this period are 4 for Bruins vs 1 for Rangers.
Shots for this period are 16 for Bruins vs 11 for Rangers.

2nd period


0:01 of 2nd period - Derek Stepan wins face-off versus Trevor Zegras in neutral zone.
0:09 of 2nd period - Off-side.
0:10 of 2nd period - Pierre-Luc Dubois wins face-off versus Derek Stepan in neutral zone.
0:57 of 2nd period - Nico Hischier is hit by Ryan Reaves and loses puck.
1:12 of 2nd period - Shot by Nils Hoglander.
1:12 of 2nd period - Stopped by Jack Campbell without a rebound.
1:13 of 2nd period - Trevor Zegras wins face-off versus Josh Norris in Bruins zone.
1:55 of 2nd period - Shot by Trevor Zegras.
1:55 of 2nd period - Stopped by Jack Campbell without a rebound.
1:56 of 2nd period - Pat Maroon wins face-off versus Nick Schmaltz in Bruins zone.
1:59 of 2nd period - Shot by Joel Kiviranta.
1:59 of 2nd period - Shot Blocked by Mario Ferraro.
2:16 of 2nd period - Icing by Pat Maroon.
2:17 of 2nd period - Nico Hischier wins face-off versus Pat Maroon in Rangers zone.
2:18 of 2nd period - Shot by Jakub Voracek.
2:18 of 2nd period - Stopped by Keith Kinkaid without a rebound.
2:19 of 2nd period - Pierre-Luc Dubois wins face-off versus Nico Hischier in Rangers zone.
3:02 of 2nd period - Bowen Byram is hit by Brenden Dillon and loses puck.
3:12 of 2nd period - Minor Penalty to Ryan Reaves for Hooking.
3:13 of 2nd period - Josh Norris wins face-off versus Pat Maroon in Rangers zone.
3:36 of 2nd period - Shot by Nick Schmaltz.
3:36 of 2nd period - Shot Misses the Net.
3:48 of 2nd period - Shot by Nick Schmaltz.
3:48 of 2nd period - Stopped by Keith Kinkaid without a rebound.
3:49 of 2nd period - Pat Maroon wins face-off versus Nico Hischier in Rangers zone.
4:02 of 2nd period - Shot by Mattias Ekholm.
4:02 of 2nd period - Goal by Mattias Ekholm - Bruins : 5 - Rangers : 1.
4:02 of 2nd period - Igor Shesterkin enters game.
4:03 of 2nd period - Pierre-Luc Dubois wins face-off versus Derek Stepan in neutral zone.
4:09 of 2nd period - Icing by Matthew Nieto.
4:10 of 2nd period - Gabriel Vilardi wins face-off versus Derek Stepan in Bruins zone.
4:23 of 2nd period - Shot by Gabriel Vilardi.
4:23 of 2nd period - Stopped by Jack Campbell without a rebound.
4:24 of 2nd period - Nick Schmaltz wins face-off versus Pierre-Luc Dubois in Bruins zone.
4:47 of 2nd period - Shot by Kirby Dach.
4:47 of 2nd period - Stopped by Igor Shesterkin without a rebound.
4:48 of 2nd period - Gabriel Vilardi wins face-off versus Josh Norris in Rangers zone.
4:57 of 2nd period - Shot by Ryan Lindgren.
4:57 of 2nd period - Stopped by Jack Campbell without a rebound.
4:58 of 2nd period - Nico Hischier wins face-off versus Trevor Zegras in Bruins zone.
5:23 of 2nd period - Shot by Jakub Voracek.
5:23 of 2nd period - Shot Blocked by Samuel Girard.
5:25 of 2nd period - Shot by Mattias Ekholm.
5:25 of 2nd period - Shot Misses the Net.
5:27 of 2nd period - Shot by Nico Hischier.
5:27 of 2nd period - Shot Misses the Net.
5:29 of 2nd period - Shot by Sam Reinhart.
5:29 of 2nd period - Shot Misses the Net.
5:31 of 2nd period - Shot by Mattias Ekholm.
5:31 of 2nd period - Goal by Mattias Ekholm - Bruins : 6 - Rangers : 1.
5:32 of 2nd period - Pierre-Luc Dubois wins face-off versus Nick Schmaltz in neutral zone.
6:29 of 2nd period - Icing by Dylan Coghlan.
6:30 of 2nd period - Gabriel Vilardi wins face-off versus Josh Norris in Rangers zone.
7:44 of 2nd period - Icing by Nico Hischier.
7:45 of 2nd period - Pierre-Luc Dubois wins face-off versus Nico Hischier in Bruins zone.
7:50 of 2nd period - Shot by Pierre-Luc Dubois.
7:50 of 2nd period - Shot Misses the Net.
7:53 of 2nd period - Minor Penalty to Nico Hischier for Holding.
7:54 of 2nd period - Pierre-Luc Dubois wins face-off versus Derek Stepan in Bruins zone.
8:03 of 2nd period - Shot by Marcus Johansson.
8:03 of 2nd period - Stopped by Jack Campbell without a rebound.
8:04 of 2nd period - Derek Stepan wins face-off versus Trevor Zegras in Bruins zone.
8:14 of 2nd period - Icing by Ryan Lindgren.
8:15 of 2nd period - Derek Stepan wins face-off versus Trevor Zegras in Rangers zone.
8:27 of 2nd period - Gabriel Vilardi is hit by Brenden Dillon and loses puck.
8:30 of 2nd period - Shot by Bowen Byram.
8:30 of 2nd period - Stopped by Jack Campbell with a rebound.
8:52 of 2nd period - Shot by Trevor Zegras.
8:52 of 2nd period - Shot Blocked by Olli Maatta.
8:54 of 2nd period - Shot by Bowen Byram.
8:54 of 2nd period - Stopped by Jack Campbell with a rebound.
8:56 of 2nd period - Shot by Nils Hoglander.
8:56 of 2nd period - Shot Misses the Net.
9:06 of 2nd period - Shot by Pierre-Luc Dubois.
9:06 of 2nd period - Shot Blocked by Mario Ferraro.
9:08 of 2nd period - Shot by Marcus Johansson.
9:08 of 2nd period - Shot Misses the Net.
9:34 of 2nd period - Shot by Samuel Girard.
9:34 of 2nd period - Shot Misses the Net.
9:36 of 2nd period - Shot by Samuel Girard.
9:36 of 2nd period - Shot Misses the Net.
10:29 of 2nd period - Shot by Jakub Voracek.
10:29 of 2nd period - Stopped by Igor Shesterkin without a rebound.
10:30 of 2nd period - Derek Stepan wins face-off versus Trevor Zegras in Rangers zone.
10:41 of 2nd period - Shot by Patrick Marleau.
10:41 of 2nd period - Goal by Patrick Marleau - Bruins : 7 - Rangers : 1.
10:42 of 2nd period - Trevor Zegras wins face-off versus Derek Stepan in neutral zone.
10:55 of 2nd period - Shot by Nils Hoglander.
10:55 of 2nd period - Stopped by Jack Campbell with a rebound.
10:57 of 2nd period - Shot by Trevor Zegras.
10:57 of 2nd period - Deflect By Nils Hoglander.
10:57 of 2nd period - Shot Blocked by Derek Stepan.
10:59 of 2nd period - Shot by Ryan Lindgren.
10:59 of 2nd period - Stopped by Jack Campbell without a rebound.
11:00 of 2nd period - Nico Hischier wins face-off versus Pierre-Luc Dubois in Bruins zone.
11:17 of 2nd period - Icing by Joel Farabee.
11:18 of 2nd period - Pierre-Luc Dubois wins face-off versus Josh Norris in Rangers zone.
12:15 of 2nd period - Icing by Samuel Girard.
12:16 of 2nd period - Pierre-Luc Dubois wins face-off versus Nico Hischier in Rangers zone.
12:21 of 2nd period - Shot by Jakub Voracek.
12:21 of 2nd period - Stopped by Igor Shesterkin with a rebound.
12:59 of 2nd period - Icing by Mattias Ekholm.
13:00 of 2nd period - Nico Hischier wins face-off versus Trevor Zegras in Bruins zone.
13:25 of 2nd period - Shot by Nick Schmaltz.
13:25 of 2nd period - Stopped by Igor Shesterkin with a rebound.
13:27 of 2nd period - Shot by Nick Schmaltz.
13:27 of 2nd period - Stopped by Igor Shesterkin with a rebound.
13:29 of 2nd period - Shot by Haydn Fleury.
13:29 of 2nd period - Stopped by Igor Shesterkin without a rebound.
13:30 of 2nd period - Josh Norris wins face-off versus Gabriel Vilardi in Rangers zone.
14:11 of 2nd period - Shot by Josh Norris.
14:11 of 2nd period - Stopped by Igor Shesterkin without a rebound.
14:12 of 2nd period - Nick Schmaltz wins face-off versus Trevor Zegras in Rangers zone.
14:17 of 2nd period - Shot by Kirby Dach.
14:17 of 2nd period - Stopped by Igor Shesterkin without a rebound.
14:18 of 2nd period - Nick Schmaltz wins face-off versus Trevor Zegras in Rangers zone.
14:19 of 2nd period - Shot by Brenden Dillon.
14:19 of 2nd period - Stopped by Igor Shesterkin with a rebound.
14:21 of 2nd period - Shot by Mattias Ekholm.
14:21 of 2nd period - Shot Blocked by Nils Hoglander.
14:52 of 2nd period - Ryan Lindgren is hit by Brenden Dillon and loses puck.
15:11 of 2nd period - Nils Hoglander is hit by Bryan Little and loses puck.
15:26 of 2nd period - Shot by Josh Norris.
15:26 of 2nd period - Shot Misses the Net.
15:29 of 2nd period - Icing by Alexandre Carrier.
15:30 of 2nd period - Nico Hischier wins face-off versus Trevor Zegras in Rangers zone.
15:33 of 2nd period - Shot by Sam Reinhart.
15:33 of 2nd period - Stopped by Igor Shesterkin with a rebound.
15:39 of 2nd period - Olli Maatta is hit by Nils Hoglander and loses puck.
16:00 of 2nd period - Shot by Pierre-Luc Dubois.
16:00 of 2nd period - Stopped by Jack Campbell with a rebound.
16:47 of 2nd period - Alex Chiasson is hit by Olli Maatta and loses puck.
17:07 of 2nd period - Gabriel Vilardi is hit by Mario Ferraro and loses puck.
17:14 of 2nd period - Shot by Ryan Reaves.
17:14 of 2nd period - Shot Blocked by Mario Ferraro.
18:17 of 2nd period - Shot by Joel Farabee.
18:17 of 2nd period - Shot Blocked by Mario Ferraro.
18:22 of 2nd period - Pierre-Luc Dubois is hit by Olli Maatta and loses puck.
18:55 of 2nd period - Shot by Trevor Zegras.
18:55 of 2nd period - Shot Misses the Net.
18:57 of 2nd period - Shot by Nils Hoglander.
18:57 of 2nd period - Deflect By Trevor Zegras.
18:57 of 2nd period - The goal is going for a video replay.
18:57 of 2nd period - The goal is refused.
18:58 of 2nd period - Gabriel Vilardi wins face-off versus Josh Norris in Bruins zone.
18:58 of 2nd period - Alex Chiasson is hit by Brenden Dillon.
19:11 of 2nd period - Gabriel Vilardi is hit by Brenden Dillon and loses puck.
19:26 of 2nd period - Shot by Alex Chiasson.
19:26 of 2nd period - Shot Misses the Net.
19:28 of 2nd period - Shot by Bowen Byram.
19:28 of 2nd period - Shot Blocked by Brenden Dillon.
19:55 of 2nd period - Shot by Nils Hoglander.
19:55 of 2nd period - Shot Blocked by Carter Verhaeghe.
19:59 of 2nd period - Shot by Trevor Zegras.
19:59 of 2nd period - Shot Misses the Net.
Goals for this period are 3 for Bruins vs 0 for Rangers.
Shots for this period are 15 for Bruins vs 11 for Rangers.

3rd period


0:01 of 3rd period - Nick Schmaltz wins face-off versus Pierre-Luc Dubois in neutral zone.
0:09 of 3rd period - Icing by Alexandre Carrier.
0:10 of 3rd period - Derek Stepan wins face-off versus Pierre-Luc Dubois in Rangers zone.
0:10 of 3rd period - Derek Stepan is hit by Ryan Lindgren.
0:26 of 3rd period - Shot by Derek Stepan.
0:26 of 3rd period - Stopped by Igor Shesterkin without a rebound.
0:27 of 3rd period - Bryan Little wins face-off versus Trevor Zegras in Rangers zone.
0:42 of 3rd period - Shot by Jeff Skinner.
0:42 of 3rd period - Deflect By Trevor Zegras.
0:42 of 3rd period - Shot Misses the Net.
1:04 of 3rd period - Shot by Bryan Little.
1:04 of 3rd period - Shot Hit the Post.
2:06 of 3rd period - Shot by Pierre-Luc Dubois.
2:06 of 3rd period - Stopped by Jack Campbell without a rebound.
2:07 of 3rd period - Josh Norris wins face-off versus Gabriel Vilardi in Bruins zone.
2:16 of 3rd period - Shot by Dominik Kubalik.
2:16 of 3rd period - Deflect By Josh Norris.
2:16 of 3rd period - Shot Misses the Net.
2:46 of 3rd period - Shot by Dominik Kubalik.
2:46 of 3rd period - Stopped by Igor Shesterkin without a rebound.
2:47 of 3rd period - Pat Maroon wins face-off versus Nick Schmaltz in Rangers zone.
3:51 of 3rd period - Off-side.
3:52 of 3rd period - Pierre-Luc Dubois wins face-off versus Josh Norris in neutral zone.
4:00 of 3rd period - Shot by Pierre-Luc Dubois.
4:00 of 3rd period - Shot Misses the Net.
4:02 of 3rd period - Shot by Marcus Johansson.
4:02 of 3rd period - Shot Misses the Net.
4:04 of 3rd period - Shot by Pierre-Luc Dubois.
4:04 of 3rd period - Shot Misses the Net.
4:06 of 3rd period - Shot by Pierre-Luc Dubois.
4:06 of 3rd period - Stopped by Jack Campbell without a rebound.
4:07 of 3rd period - Derek Stepan wins face-off versus Trevor Zegras in Bruins zone.
4:16 of 3rd period - Shot by Matthew Nieto.
4:16 of 3rd period - Stopped by Igor Shesterkin without a rebound.
4:17 of 3rd period - Pierre-Luc Dubois wins face-off versus Carter Verhaeghe in Rangers zone.
4:45 of 3rd period - Shot by Marcus Johansson.
4:45 of 3rd period - Shot Blocked by Mattias Ekholm.
4:47 of 3rd period - Shot by Joel Farabee.
4:47 of 3rd period - Shot Misses the Net.
4:49 of 3rd period - Shot by Ryan Lindgren.
4:49 of 3rd period - Shot Blocked by Mattias Ekholm.
4:53 of 3rd period - Shot by Pierre-Luc Dubois.
4:53 of 3rd period - Shot Hit the Post.
5:24 of 3rd period - Shot by Bryan Little.
5:24 of 3rd period - Shot Misses the Net.
5:29 of 3rd period - Icing by Samuel Girard.
5:30 of 3rd period - Trevor Zegras wins face-off versus Derek Stepan in Rangers zone.
5:48 of 3rd period - Shot by Matthew Nieto.
5:48 of 3rd period - Shot Misses the Net.
5:57 of 3rd period - Shot by Matthew Nieto.
5:57 of 3rd period - Shot Misses the Net.
5:59 of 3rd period - Shot by Matthew Nieto.
5:59 of 3rd period - Stopped by Igor Shesterkin without a rebound.
6:00 of 3rd period - Gabriel Vilardi wins face-off versus Nick Schmaltz in Rangers zone.
6:15 of 3rd period - Kirby Dach is hit by Juuso Riikola.
6:17 of 3rd period - Shot by Bryan Little.
6:17 of 3rd period - Stopped by Igor Shesterkin without a rebound.
6:18 of 3rd period - Nico Hischier wins face-off versus Pierre-Luc Dubois in Rangers zone.
7:18 of 3rd period - Icing by Alexandre Carrier.
7:19 of 3rd period - Josh Norris wins face-off versus Pierre-Luc Dubois in Rangers zone.
7:28 of 3rd period - Shot by Josh Norris.
7:28 of 3rd period - Stopped by Igor Shesterkin with a rebound.
8:40 of 3rd period - Bryan Little is hit by Nils Hoglander and loses puck.
8:53 of 3rd period - Shot by Nils Hoglander.
8:53 of 3rd period - Shot Blocked by Nick Schmaltz.
9:18 of 3rd period - Kirby Dach is hit by Bowen Byram and loses puck.
10:09 of 3rd period - Shot by Matthew Nieto.
10:09 of 3rd period - Shot Blocked by Ryan Lindgren.
10:11 of 3rd period - Shot by Patrick Marleau.
10:11 of 3rd period - Stopped by Igor Shesterkin without a rebound.
10:12 of 3rd period - Josh Norris wins face-off versus Gabriel Vilardi in Rangers zone.
10:39 of 3rd period - Shot by Gabriel Vilardi.
10:39 of 3rd period - Shot Blocked by Evan Bouchard.
11:07 of 3rd period - Shot by Mattias Ekholm.
11:07 of 3rd period - Stopped by Igor Shesterkin without a rebound.
11:08 of 3rd period - Nico Hischier wins face-off versus Pierre-Luc Dubois in Rangers zone.
12:20 of 3rd period - Shot by Nils Hoglander.
12:20 of 3rd period - Stopped by Jack Campbell without a rebound.
12:21 of 3rd period - Dominik Kubalik wins face-off versus Pat Maroon in Bruins zone.
13:16 of 3rd period - Icing by Matthew Nieto.
13:17 of 3rd period - Trevor Zegras wins face-off versus Derek Stepan in Bruins zone.
13:21 of 3rd period - Icing by Olli Maatta.
13:22 of 3rd period - Pierre-Luc Dubois wins face-off versus Derek Stepan in Bruins zone.
13:45 of 3rd period - Shot by Patrick Marleau.
13:45 of 3rd period - Stopped by Igor Shesterkin without a rebound.
13:46 of 3rd period - Trevor Zegras wins face-off versus Nico Hischier in Rangers zone.
13:46 of 3rd period - Bowen Byram is hit by Sam Reinhart.
14:21 of 3rd period - Shot by Mattias Ekholm.
14:21 of 3rd period - Stopped by Igor Shesterkin without a rebound.
14:22 of 3rd period - Nick Schmaltz wins face-off versus Pierre-Luc Dubois in Rangers zone.
14:22 of 3rd period - Bryan Little is hit by Alexandre Carrier and loses puck.
14:29 of 3rd period - Shot by Nick Schmaltz.
14:29 of 3rd period - Stopped by Igor Shesterkin with a rebound.
14:48 of 3rd period - Icing by Alexandre Carrier.
14:49 of 3rd period - Pierre-Luc Dubois wins face-off versus Josh Norris in Rangers zone.
15:04 of 3rd period - Shot by Joel Farabee.
15:04 of 3rd period - Shot Misses the Net.
15:54 of 3rd period - Shot by Gabriel Vilardi.
15:54 of 3rd period - Shot Misses the Net.
16:15 of 3rd period - Shot by Sam Reinhart.
16:15 of 3rd period - Deflect By Jakub Voracek.
16:15 of 3rd period - Shot Misses the Net.
16:17 of 3rd period - Shot by Sam Reinhart.
16:17 of 3rd period - Stopped by Igor Shesterkin without a rebound.
16:18 of 3rd period - Nick Schmaltz wins face-off versus Trevor Zegras in Rangers zone.
16:23 of 3rd period - Shot by Bryan Little.
16:23 of 3rd period - Stopped by Igor Shesterkin without a rebound.
16:24 of 3rd period - Derek Stepan wins face-off versus Trevor Zegras in Rangers zone.
16:39 of 3rd period - Shot by Derek Stepan.
16:39 of 3rd period - Shot Misses the Net.
16:41 of 3rd period - Shot by Derek Stepan.
16:41 of 3rd period - Shot Misses the Net.
16:43 of 3rd period - Shot by Derek Stepan.
16:43 of 3rd period - Stopped by Igor Shesterkin without a rebound.
16:44 of 3rd period - Marcus Johansson wins face-off versus Nick Schmaltz in Rangers zone.
16:49 of 3rd period - Shot by Joel Farabee.
16:49 of 3rd period - Deflect By Marcus Johansson.
16:49 of 3rd period - Stopped by Jack Campbell with a rebound.
16:51 of 3rd period - Shot by Ryan Lindgren.
16:51 of 3rd period - Stopped by Jack Campbell without a rebound.
16:52 of 3rd period - Nick Schmaltz wins face-off versus Trevor Zegras in Bruins zone.
16:52 of 3rd period - Nick Schmaltz is hit by Jeff Skinner.
17:31 of 3rd period - Shot by Bryan Little.
17:31 of 3rd period - Stopped by Igor Shesterkin with a rebound.
17:33 of 3rd period - Shot by Brenden Dillon.
17:33 of 3rd period - Shot Misses the Net.
18:35 of 3rd period - Shot by Pierre-Luc Dubois.
18:35 of 3rd period - Stopped by Jack Campbell with a rebound.
18:46 of 3rd period - Off-side.
18:47 of 3rd period - Pat Maroon wins face-off versus Derek Stepan in neutral zone.
19:37 of 3rd period - Icing by Dylan Coghlan.
19:38 of 3rd period - Pat Maroon wins face-off versus Nico Hischier in Rangers zone.
19:53 of 3rd period - Shot by Jakub Voracek.
19:53 of 3rd period - Deflect By Nico Hischier.
19:53 of 3rd period - Shot Misses the Net.
19:55 of 3rd period - Shot by Nico Hischier.
19:55 of 3rd period - Stopped by Igor Shesterkin without a rebound.
19:56 of 3rd period - Josh Norris wins face-off versus Trevor Zegras in Rangers zone.
Goals for this period are 0 for Bruins vs 0 for Rangers.
Shots for this period are 16 for Bruins vs 6 for Rangers.